| TOP OF THE 1ST |
|
Shreveport Braves batting - Pitching for Dallas-Fort Worth Rangers : RHP Billy Hawley
|
|
Pitching: RHP Billy Hawley
|
|
|
Batting: LHB Robert Loscalzo
|
0-0: Ball 1-0: Ground out 4-3 (Groundball, 4D, EV 103.8 MPH)
|
|
Batting: RHB Alvin White
|
0-0: Called Strike 0-1: Swinging Strike 0-2: Ball 1-2: Ball 2-2: Ball 3-2: Ground out 4-3 (Groundball, 4, EV 80.6 MPH)
|
|
Batting: LHB Tracy Dophied
|
0-0: Ground out 3-1 (Groundball, 34S, EV 82.5 MPH)
|
| Top of the 1st over - 0 runs, 0 hits, 0 errors, 0 left on base; Shreveport 0 - Dallas-Fort Worth 0 |
| BOTTOM OF THE 1ST |
|
Dallas-Fort Worth Rangers batting - Pitching for Shreveport Braves : RHP Dana Kiecker
|
|
Pitching: RHP Dana Kiecker
|
|
|
Batting: RHB Phil Bradley
|
0-0: Ball 1-0: Ball 2-0: Ball 3-0: Called Strike 3-1: Ground out 5-3 (Groundball, 56, EV 82.5 MPH)
|
|
Batting: LHB Stan Levi
|
0-0: Ground out U3 (Groundball, 3, EV 108.1 MPH)
|
|
Batting: RHB Terry Lee
|
0-0: Called Strike 0-1: Ball 1-1: Ball 2-1: Ground out 6-3 (Groundball, 6, EV 106.3 MPH)
|
| Bottom of the 1st over - 0 runs, 0 hits, 0 errors, 0 left on base; Shreveport 0 - Dallas-Fort Worth 0 |
| TOP OF THE 2ND |
|
Shreveport Braves batting - Pitching for Dallas-Fort Worth Rangers : RHP Billy Hawley
|
|
Batting: LHB Ronald Walker
|
0-0: Called Strike 0-1: Swinging Strike 0-2: Ball 1-2: Fly out, F8 (Flyball, 8RM, EV 85.6 MPH)
|
|
Batting: RHB Thomas Popovich
|
0-0: Ball 1-0: Called Strike 1-1: Foul Ball, location: 2F 1-2: Foul Ball, location: 2F 1-2: Foul Ball, location: 2F 1-2: Foul Ball, location: 2F 1-2: Foul Ball, location: 2F 1-2: Ball 2-2: Foul Ball, location: 2F 2-2: Ball 3-2: Base on Balls
|
|
Batting: SHB Michael Lessard
|
Pickoff Throw to First - Out! 1-3 0-0: Ball 1-0: SINGLE (Flyball, 3D, EV 85.6 MPH)
|
|
Batting: RHB Therron Harper
|
0-0: Ball 1-0: Ball 2-0: Ball Passed Ball! Michael Lessard to second 3-0: Called Strike 3-1: Hit by Pitch
|
|
Batting: RHB Jeff Matthews
|
0-0: Called Strike 0-1: Ball 1-1: Ball 2-1: Foul Ball, location: 2F 2-2: Fielders Choice at 2nd, 6-4 (Groundball, 6, EV 105.6 MPH)
|
| Top of the 2nd over - 0 runs, 1 hit, 0 errors, 2 left on base; Shreveport 0 - Dallas-Fort Worth 0 |
| BOTTOM OF THE 2ND |
|
Dallas-Fort Worth Rangers batting - Pitching for Shreveport Braves : RHP Dana Kiecker
|
|
Batting: LHB Mo Ching
|
0-0: Ball 1-0: Ball 2-0: Ball 3-0: Called Strike 3-1: Ground out 1-3 (Groundball, 13S, EV 70.0 MPH)
|
|
Batting: RHB Dave Aponte
|
0-0: Ball 1-0: Foul Ball, location: 2F 1-1: Foul Ball, location: 2F 1-2: Ground out 6-3 (Groundball, 6, EV 87.5 MPH)
|
|
Batting: LHB Garcia Gutierrez
|
0-0: Called Strike 0-1: Ball 1-1: Ball 2-1: Ball 3-1: Base on Balls
|
|
Batting: RHB Steve Nicosia
|
0-0: Called Strike 0-1: Ball 1-1: Ground out U3 (Groundball, 34S, EV 83.8 MPH)
|
| Bottom of the 2nd over - 0 runs, 0 hits, 0 errors, 1 left on base; Shreveport 0 - Dallas-Fort Worth 0 |
| TOP OF THE 3RD |
|
Shreveport Braves batting - Pitching for Dallas-Fort Worth Rangers : RHP Billy Hawley
|
|
Batting: RHB Dave Buffamoyer
|
0-0: Ball 1-0: Swinging Strike 1-1: Ball 2-1: Foul Ball, location: 2F 2-2: Ball 3-2: Fly out, F7 (Flyball, 7, EV 93.1 MPH)
|
|
Batting: LHB Robert Loscalzo
|
0-0: Called Strike 0-1: Ball 1-1: Ball 2-1: Foul Ball, location: 2F 2-2: Foul Ball, location: 2F 2-2: Ball 3-2: Strikes out swinging passed ball, reaches first!
|
|
Batting: RHB Alvin White
|
0-0: Ball Robert Loscalzo steals 2nd base (no throw) 1-0: Ball 2-0: Called Strike 2-1: Ball 3-1: Foul Ball, location: 2F 3-2: SINGLE (Line Drive, 7S, EV 97.5 MPH) Robert Loscalzo to third Runner from 3rd tries for Home, SAFE, throw by LF to home
|
|
Batting: LHB Tracy Dophied
|
0-0: Foul Ball, location: 2F 0-1: Ball 1-1: Called Strike 1-2: Strikes out swinging
|
|
Batting: LHB Ronald Walker
|
0-0: DOUBLE (Line Drive, 7LM, EV 107.5 MPH) Alvin White to third Runner from 3rd tries for Home, SAFE, no throw by LF
|
|
Batting: RHB Thomas Popovich
|
0-0: Ball 1-0: Fly out, F2 (Popup, 3SF, EV 80.6 MPH)
|
| Top of the 3rd over - 2 runs, 2 hits, 0 errors, 1 left on base; Shreveport 2 - Dallas-Fort Worth 0 |
| BOTTOM OF THE 3RD |
|
Dallas-Fort Worth Rangers batting - Pitching for Shreveport Braves : RHP Dana Kiecker
|
|
Batting: RHB Ross Jones
|
0-0: Ball 1-0: Ball 2-0: Ball 3-0: Base on Balls
|
|
Batting: RHB Alex Zermeno
|
0-0: Ball 1-0: Ball 2-0: Ball Ross Jones steals 2nd base 3-0: Called Strike 3-1: Foul Ball, location: 2F 3-2: Foul Ball, location: 2F 3-2: SINGLE (Groundball, 4MS, EV 72.5 MPH) (infield hit) Ross Jones to third
|
|
Batting: RHB Phil Bradley
|
0-0: Ball 1-0: Foul Ball, location: 2F 1-1: Called Strike Alex Zermeno steals 2nd base (no throw) 1-2: Ball 2-2: Ball 3-2: Fly out, F8 (Flyball, 8LM, EV 84.4 MPH)
|
|
Batting: LHB Stan Levi
|
0-0: Called Strike 0-1: Ball 1-1: Ball 2-1: Ball 3-1: Ground out U3 (Groundball, 3S, EV 68.8 MPH)
|
|
Batting: RHB Terry Lee
|
0-0: Foul Ball, location: 2F 0-1: Fly out, F8 (Flyball, 8RS, EV 90.0 MPH)
|
| Bottom of the 3rd over - 0 runs, 1 hit, 0 errors, 2 left on base; Shreveport 2 - Dallas-Fort Worth 0 |
| TOP OF THE 4TH |
|
Shreveport Braves batting - Pitching for Dallas-Fort Worth Rangers : RHP Billy Hawley
|
|
Batting: SHB Michael Lessard
|
0-0: Called Strike 0-1: Foul Ball, location: 2F 0-2: Ball 1-2: Ball 2-2: Ball 3-2: Base on Balls
|
|
Batting: RHB Therron Harper
|
0-0: Called Strike 0-1: Ball 1-1: Ball 2-1: Reached on error, E4 (Groundball, 4M, EV 109.4 MPH) Michael Lessard to second
|
|
Batting: RHB Jeff Matthews
|
0-0: Ball 1-0: Ball 2-0: Swinging Strike 2-1: Foul Ball, location: 2F 2-2: Strikes out looking
|
|
Batting: RHB Dave Buffamoyer
|
0-0: Called Strike 0-1: Swinging Strike 0-2: Ball 1-2: Ball 2-2: Fly out, F7 (Line Drive, 7, EV 98.1 MPH)
|
|
Batting: LHB Robert Loscalzo
|
0-0: Ball 1-0: Ball 2-0: Swinging Strike 2-1: Called Strike 2-2: Foul Ball, location: 2F 2-2: Strikes out swinging
|
| Top of the 4th over - 0 runs, 0 hits, 1 error, 2 left on base; Shreveport 2 - Dallas-Fort Worth 0 |
| BOTTOM OF THE 4TH |
|
Dallas-Fort Worth Rangers batting - Pitching for Shreveport Braves : RHP Dana Kiecker
|
|
Batting: LHB Mo Ching
|
0-0: Called Strike 0-1: SINGLE (Flyball, 8RS, EV 88.8 MPH)
|
|
Batting: RHB Dave Aponte
|
0-0: Ball 1-0: Ground out U3 (Groundball, 13, EV 76.9 MPH) Mo Ching to second
|
|
Batting: LHB Garcia Gutierrez
|
0-0: Ball 1-0: Swinging Strike 1-1: Ball 2-1: Ball 3-1: Foul Ball, location: 2F 3-2: Ground out U3 (Groundball, 3, EV 86.3 MPH) Mo Ching to third
|
|
Batting: RHB Steve Nicosia
|
0-0: Ball 1-0: Called Strike 1-1: Ball 2-1: Fly out, F7 (Flyball, 7S, EV 89.4 MPH)
|
| Bottom of the 4th over - 0 runs, 1 hit, 0 errors, 1 left on base; Shreveport 2 - Dallas-Fort Worth 0 |
| TOP OF THE 5TH |
|
Shreveport Braves batting - Pitching for Dallas-Fort Worth Rangers : RHP Billy Hawley
|
|
Batting: RHB Alvin White
|
0-0: Ground out 1-3 (Groundball, 34S, EV 66.3 MPH)
|
|
Batting: LHB Tracy Dophied
|
0-0: Ball 1-0: Fly out, F5 (Popup, 5S, EV 78.1 MPH)
|
|
Batting: LHB Ronald Walker
|
0-0: Ball 1-0: Foul Ball, location: 2F 1-1: Called Strike 1-2: Ball 2-2: Foul Ball, location: 2F 2-2: Foul Ball, location: 2F 2-2: Foul Ball, location: 2F 2-2: Ball 3-2: Fly out, F4 (Flyball, 4D, EV 87.5 MPH)
|
| Top of the 5th over - 0 runs, 0 hits, 0 errors, 0 left on base; Shreveport 2 - Dallas-Fort Worth 0 |
| BOTTOM OF THE 5TH |
|
Dallas-Fort Worth Rangers batting - Pitching for Shreveport Braves : RHP Dana Kiecker
|
|
Batting: RHB Ross Jones
|
0-0: Ball 1-0: Called Strike 1-1: Bunt missed! 1-2: Fly out, F9 (Flyball, 89M, EV 86.3 MPH)
|
|
Batting: RHB Alex Zermeno
|
0-0: Foul Ball, location: 2F 0-1: Ball 1-1: Called Strike 1-2: Fly out, F8 (Line Drive, 8LD, EV 83.8 MPH)
|
|
Batting: RHB Phil Bradley
|
0-0: Ball 1-0: Foul Ball, location: 2F 1-1: Called Strike 1-2: Ground out 5-3 (Groundball, 56, EV 105.6 MPH)
|
| Bottom of the 5th over - 0 runs, 0 hits, 0 errors, 0 left on base; Shreveport 2 - Dallas-Fort Worth 0 |
| TOP OF THE 6TH |
|
Shreveport Braves batting - Pitching for Dallas-Fort Worth Rangers : RHP Billy Hawley
|
|
Batting: RHB Thomas Popovich
|
0-0: Ball 1-0: Ball 2-0: Ball 3-0: Swinging Strike 3-1: Fly out, F7 (Flyball, 7LS, EV 88.1 MPH)
|
|
Batting: SHB Michael Lessard
|
0-0: Ball 1-0: Ball 2-0: SINGLE (Line Drive, 9S, EV 95.0 MPH)
|
|
Batting: RHB Therron Harper
|
0-0: Called Strike 0-1: Ball 1-1: Foul Ball, location: 2F 1-2: Ball 2-2: DOUBLE (Flyball, 78D, EV 111.3 MPH) Michael Lessard to third
|
|
Batting: RHB Jeff Matthews
|
0-0: Called Strike 0-1: Swinging Strike 0-2: Strikes out looking
|
|
Batting: RHB Dave Buffamoyer
|
0-0: Ball 1-0: Ball 2-0: Swinging Strike 2-1: Fly out, F9 (Flyball, 9LS, EV 78.1 MPH)
|
| Top of the 6th over - 0 runs, 2 hits, 0 errors, 2 left on base; Shreveport 2 - Dallas-Fort Worth 0 |
| BOTTOM OF THE 6TH |
|
Dallas-Fort Worth Rangers batting - Pitching for Shreveport Braves : RHP Dana Kiecker
|
|
Batting: LHB Stan Levi
|
0-0: Ball 1-0: Swinging Strike 1-1: Ground out 6-3 (Groundball, 4M, EV 90.0 MPH)
|
|
Batting: RHB Terry Lee
|
0-0: Ball 1-0: Called Strike 1-1: Ball 2-1: Foul Ball, location: 2F 2-2: Ball 3-2: SINGLE (Line Drive, 78M, EV 94.4 MPH)
|
|
Batting: LHB Mo Ching
|
0-0: Called Strike 0-1: Swinging Strike 0-2: Ball Terry Lee is caught stealing 2nd base 2-6 1-2: Strikes out looking
|
| Bottom of the 6th over - 0 runs, 1 hit, 0 errors, 0 left on base; Shreveport 2 - Dallas-Fort Worth 0 |
| TOP OF THE 7TH |
|
Shreveport Braves batting - Pitching for Dallas-Fort Worth Rangers : RHP Billy Hawley
|
|
Batting: LHB Robert Loscalzo
|
0-0: Ball 1-0: SINGLE (Groundball, 56S, EV 68.1 MPH) (infield hit)
|
|
Batting: RHB Alvin White
|
0-0: Ball 1-0: Ball 2-0: Fielders Choice at 2nd, 6-4 (Groundball, 6, EV 88.1 MPH)
|
|
Batting: LHB Tracy Dophied
|
0-0: Ball 1-0: Foul Ball, location: 2F 1-1: Foul Ball, location: 2F 1-2: Ball 2-2: Ball 3-2: Ground out 6-3 (Groundball, 6S, EV 64.4 MPH) Alvin White to second
|
|
Batting: LHB Ronald Walker
|
0-0: Intentional Walk
|
|
Batting: RHB Thomas Popovich
|
0-0: Ball 1-0: Ball 2-0: SINGLE (Groundball, 6MD, EV 105.6 MPH) Alvin White to third Ronald Walker to second Runner from 3rd tries for Home, SAFE, throw by CF to home
|
|
Pitching: RHP Randy McGilberry
|
|
|
Batting: SHB Michael Lessard
|
0-0: Ball 1-0: Swinging Strike 1-1: Ball 2-1: Foul Ball, location: 2F 2-2: Ball 3-2: Ground out 4-3 (Groundball, 4, EV 106.9 MPH)
|
| Top of the 7th over - 1 run, 2 hits, 0 errors, 2 left on base; Shreveport 3 - Dallas-Fort Worth 0 |
| BOTTOM OF THE 7TH |
|
Dallas-Fort Worth Rangers batting - Pitching for Shreveport Braves : RHP Dana Kiecker
|
|
Batting: RHB Dave Aponte
|
0-0: Foul Ball, location: 2F 0-1: Swinging Strike 0-2: Ball 1-2: Ball 2-2: Ball 3-2: Strikes out swinging
|
|
Batting: LHB Garcia Gutierrez
|
0-0: Ground out 6-3 (Groundball, 6MS, EV 85.0 MPH)
|
|
Batting: RHB Steve Nicosia
|
0-0: Foul Ball, location: 2F 0-1: Foul Ball, location: 2F 0-2: Ball 1-2: Ball 2-2: Ball 3-2: SINGLE (Flyball, 89S, EV 91.3 MPH)
|
|
Batting: RHB Ross Jones
|
0-0: Ball 1-0: Ball 2-0: Called Strike 2-1: Ball 3-1: Foul Ball, location: 2F 3-2: Base on Balls Steve Nicosia to second
|
|
Batting: RHB Alex Zermeno
|
0-0: Called Strike 0-1: Foul Ball, location: 2F 0-2: Ball 1-2: Ball 2-2: Foul Ball, location: 2F 2-2: SINGLE (Flyball, 89S, EV 88.1 MPH) Steve Nicosia to third Ross Jones to second Runner from 3rd tries for Home, SAFE, throw by RF to home
|
|
Batting: RHB Phil Bradley
|
0-0: Called Strike 0-1: Fielders Choice at 2nd, 6-4 (Groundball, 6, EV 81.9 MPH)
|
| Bottom of the 7th over - 1 run, 2 hits, 0 errors, 2 left on base; Shreveport 3 - Dallas-Fort Worth 1 |
| TOP OF THE 8TH |
|
Shreveport Braves batting - Pitching for Dallas-Fort Worth Rangers : RHP Randy McGilberry
|
|
Batting: RHB Therron Harper
|
0-0: Foul Ball, location: 2F 0-1: Ball 1-1: Foul Ball, location: 2F 1-2: Ball 2-2: Ball 3-2: Base on Balls
|
|
Batting: RHB Jeff Matthews
|
0-0: Ball 1-0: Ball 2-0: Bunted foul 2-1: Bunt - Flyout to 15! F1
|
|
Batting: RHB Dave Buffamoyer
|
0-0: Called Strike 0-1: Called Strike 0-2: Strikes out swinging
|
|
Batting: LHB Robert Loscalzo
|
0-0: DOUBLE (Line Drive, 9LS, EV 105.0 MPH) Therron Harper to third Runner from 3rd tries for Home, SAFE, throw by RF to home
|
|
Batting: RHB Alvin White
|
0-0: Called Strike 0-1: Foul Ball, location: 2F 0-2: Ball 1-2: Strikes out swinging
|
| Top of the 8th over - 1 run, 1 hit, 0 errors, 1 left on base; Shreveport 4 - Dallas-Fort Worth 1 |
| BOTTOM OF THE 8TH |
|
Dallas-Fort Worth Rangers batting - Pitching for Shreveport Braves : RHP Dana Kiecker
|
|
Batting: LHB Stan Levi
|
0-0: Hit by Pitch
|
|
Batting: RHB Terry Lee
|
0-0: Ball 1-0: Swinging Strike 1-1: Ball 2-1: Ball 3-1: SINGLE (Groundball, 34D, EV 106.9 MPH) Stan Levi to second Runner from 2nd tries for 3rd, SAFE, throw by RF made to third
|
|
Batting: LHB Mo Ching
|
0-0: Ball 1-0: Ball 2-0: Ball 3-0: Foul Ball, location: 2F 3-1: Base on Balls Terry Lee to second
|
|
Batting: RHB Dave Aponte
|
0-0: Ball 1-0: Called Strike 1-1: Swinging Strike 1-2: Fly out, F8 (Line Drive, 8RM, EV 88.8 MPH) Runner from 3rd tags up, SCORES, no throw by CF
|
|
Batting: LHB Garcia Gutierrez
|
0-0: Foul Ball, location: 2F 0-1: Swinging Strike 0-2: Foul Ball, location: 2F 0-2: Ball 1-2: Foul Ball, location: 2F 1-2: Fly out, F8 (Flyball, 89XD, EV 100.6 MPH) Runner from 2nd tags up, SAFE at 3rd, no throw by CF
|
|
Batting: RHB Steve Nicosia
|
0-0: Swinging Strike 0-1: SINGLE (Groundball, 56S, EV 98.8 MPH) Terry Lee scores Mo Ching to second
|
|
Pinch Runner at 2nd Eski Viltz:
|
|
|
Pinch Hitting: LHB Timothy Roche
|
0-0: Called Strike 0-1: Fielders Choice at 2nd, 6-4 (Groundball, 6, EV 83.1 MPH)
|
| Bottom of the 8th over - 2 runs, 2 hits, 0 errors, 2 left on base; Shreveport 4 - Dallas-Fort Worth 3 |
| TOP OF THE 9TH |
|
Shreveport Braves batting - Pitching for Dallas-Fort Worth Rangers : RHP Randy McGilberry
|
|
Now in CF: Jesse Plummer
|
|
|
Batting: LHB Tracy Dophied
|
0-0: Ball 1-0: Ball 2-0: Called Strike 2-1: SINGLE (Line Drive, 89S, EV 106.3 MPH)
|
|
Batting: LHB Ronald Walker
|
0-0: Foul Ball, location: 2F 0-1: Swinging Strike 0-2: Ball 1-2: Ground out 3-1 (Groundball, 34S, EV 90.0 MPH) Tracy Dophied to second
|
|
Batting: RHB Thomas Popovich
|
0-0: Called Strike 0-1: Ball 1-1: Ground out 4-3 (Groundball, 4, EV 87.5 MPH) Tracy Dophied to third
|
|
Batting: SHB Michael Lessard
|
0-0: Ball 1-0: Foul Ball, location: 2F 1-1: Swinging Strike 1-2: Foul Ball, location: 2F 1-2: Ground out 4-3 (Groundball, 4M, EV 79.4 MPH)
|
| Top of the 9th over - 0 runs, 1 hit, 0 errors, 1 left on base; Shreveport 4 - Dallas-Fort Worth 3 |
| BOTTOM OF THE 9TH |
|
Dallas-Fort Worth Rangers batting - Pitching for Shreveport Braves : RHP Dana Kiecker
|
|
Pitching: LHP Lee Belanger
|
|
|
Batting: RHB Alex Zermeno
|
0-0: Called Strike 0-1: Ground out 4-3 (Groundball, 4, EV 89.4 MPH)
|
|
Batting: RHB Phil Bradley
|
0-0: Ground out 4-3 (Groundball, 4, EV 88.8 MPH)
|
|
Batting: LHB Stan Levi
|
0-0: Ball 1-0: Called Strike 1-1: Ball 2-1: Ground out 4-3 (Groundball, 4, EV 103.8 MPH)
|
| Bottom of the 9th over - 0 runs, 0 hits, 0 errors, 0 left on base; Shreveport 4 - Dallas-Fort Worth 3 |
|